 Dungeon Crawl Stone Soup version 0.28.0-45-g0d030f2227 (webtiles) character file.

Game seed: 1667886779942900579

13101 H0rd4k the Eclecticist (level 11, -23/56 HPs)
             Began as a Deep Elf Hedge Wizard on Apr 1, 2022.
             Was an Initiate of Gozag.
             Annihilated by a two-headed ogre
             ... wielding a +0 giant spiked club
              (31 damage)
             ... on level 11 of the Dungeon.
             The game lasted 00:25:49 (16408 turns).

H0rd4k the Eclecticist (Deep Elf Hedge Wizard)     Turns: 16408, Time: 00:25:51

Health: -23/56     AC: 10    Str: 13    XL:     11   Next: 71%
Magic:  17/33      EV: 13    Int: 24    God:    Gozag
Gold:   1386       SH:  0    Dex: 14    Spells: 28/43 levels left

rFire   + . .      SeeInvis +   y - staff of air
rCold   x . .      Faith    .   (no shield)
rNeg    . . .      Spirit   .   G - +3 leather armour "Viduach" {Str+6}
rPois   .          Reflect  .   h - +1 hat {Stlth+}
rElec   +          Harm     .   (no cloak)
rCorr   .          Rampage  .   (no gloves)
Will    +....                   o - +2 pair of boots
Stlth   +++.......              z - amulet of regeneration
HPRegen 0.98/turn               r - ring of fire
MPRegen 0.23/turn               s - ring of see invisible

@: gold aura
A: no striking features
a: Renounce Religion, Potion Petition, Call Merchant, Bribe Branch


You were on level 11 of the Dungeon.
You worshipped Gozag.
Gozag was most pleased with you.
You visited 2 branches of the dungeon, and saw 12 of its levels.

You collected 1741 gold pieces.
You spent 192 gold pieces at shops.
You paid 163 gold pieces to Gozag.

Inventory:

Hand Weapons
 a - a +0 dagger of flaming
Missiles
 C - 4 throwing nets
Armour
 b - a +0 robe
 c - a +2 hat
 h - a +1 hat of stealth (worn)
 k - the +0 robe of the Harp {Fly}
   (You found it on level 2 of the Dungeon)

   Fly:       It grants you flight.
 o - a +2 pair of boots (worn)
 G - the +3 leather armour "Viduach" (worn) {Str+6}
   (You found it on level 4 of the Dungeon)

   Str:       It affects your strength (+6).
Magical Staves
 u - a staff of cold
 y - a staff of air (weapon)
Jewellery
 l - an amulet of faith
 r - a ring of fire (left hand)
 s - a ring of see invisible (right hand)
 z - an amulet of regeneration (around neck)
Wands
 q - a wand of flame (18)
 B - a wand of iceblast (19)
Scrolls
 e - 3 scrolls of teleportation
 g - a scroll of brand weapon
 j - a scroll of blinking
 t - 3 scrolls of enchant armour
 v - 3 scrolls of immolation
 w - a scroll of holy word {unknown}
 E - a scroll of summoning {unknown}
 H - a scroll of identify
Potions
 d - 5 potions of mutation
 f - a potion of resistance {unknown}
 i - 3 potions of haste
 m - 6 potions of curing
 n - a potion of heal wounds
 p - 3 potions of attraction
 x - a potion of brilliance {unknown}
 A - 2 potions of might {unknown}
 D - a potion of cancellation {unknown}
 F - a potion of lignification {unknown}


   Skills:
 + Level 1.2 Fighting
 + Level 4.2 Dodging
 - Level 2.4 Stealth
 + Level 16.8 Spellcasting
 + Level 8.9 Conjurations
 + Level 1.1 Summonings
 + Level 1.1 Translocations
 + Level 10.7 Fire Magic
 + Level 2.7 Air Magic
 + Level 3.8 Poison Magic


You had 28 spell levels left.
You knew the following spells:

 Your Spells              Type           Power      Damage    Failure   Level
a - Magic Dart            Conj           100%       1d8       1%          1
b - Blink                 Tloc           50%        N/A       3%          2
c - Conjure Flame         Conj/Fire      79%        6-21      1%          3
d - Scorch                Fire           100%       2d10      1%          2
e - Mephitic Cloud        Conj/Pois/Air  61%        N/A       1%          3
f - Flame Wave            Conj/Fire      79%        2d14      1%          4

Your spell library contained the following spells:

 Spells                   Type           Power      Damage    Failure   Level
 Apportation              Tloc           50%        N/A       1%          1
 Summon Small Mammal      Summ           100%       N/A       2%          1
 Animate Skeleton         Necr           40%        N/A       3%          1
 Slow                     Hex            80%        N/A       3%          1
 Call Imp                 Summ           25%        N/A       3%          2
 Summon Cactus Giant      Summ           12%        N/A       97%         6
 Chain Lightning          Conj/Air       32%        3d42      100%        9
 Fire Storm               Conj/Fire      39%        8d10      100%        9
 Shatter                  Erth           10%        3d11*     100%        9


Dungeon Overview and Level Annotations

Branches:
Dungeon (11/15)            Temple (1/1) D:6            Lair (0/6) D:8
    Orc (0/2) D:11

Altars:
Ashenzari
Cheibriados
Dithmenos
Elyvilon
Fedhas
Gozag
Hepliaklqana
Kikubaaqudgha
Makhleb
Nemelex Xobeh
Okawaru
Qazlal
Ru
Sif Muna
Trog
Uskayaw
Vehumet
Wu Jian
Xom
Yredelemnul
Zin
The Shining One
Beogh
Lugonu

Shops:
D:2 :   D:7 :   D:8 *   D:10 *

Annotations:
D:7 exclusion: downstairs
D:8 exclusion: downstairs
D:9 exclusion: downstairs
D:10 3 runed translucent doors, exclusions: 3 doors and downstairs, kthxbai's ghost, novice DsNe


Message History

Aim: a two-headed ogre, wielding two +0 giant spiked clubs (chance to affect: 53%)
You feel a surge of power!
The ball explodes into a vile cloud!
The stinking cloud engulfs the two-headed ogre but does no damage.
You hear a roar!
The two-headed ogre is engulfed in noxious fumes.
The two-headed ogre is engulfed in noxious fumes.
There is an open door here.
Casting: Mephitic Cloud (safe; 1% risk of failure)
Confirm with . or Enter, or press ? or * to list all spells.
You blink.
There is an open door here.
You feel stable enough to blink again.
There is an open door here.
Casting: Blink (safe; 3% risk of failure)
Confirm with . or Enter, or press ? or * to list all spells.
You miscast Blink.
You are very lightly contaminated with residual magic.
Nothing appears to happen.
The two-headed ogre misses you. The two-headed ogre barely misses you.
Unknown command.
Casting: Blink (safe; 3% risk of failure)
Confirm with . or Enter, or press ? or * to list all spells.
You blink.
The two-headed ogre hits you with a +0 giant spiked club!
The two-headed ogre hits you with a +0 giant spiked club!!
You feel stable enough to blink again.
You see here 23 gold pieces.
Your magical contamination has completely faded away.
Casting: Blink (safe; 3% risk of failure)
Confirm with . or Enter, or press ? or * to list all spells.
You blink.
Okay, then.
Unknown command.
You feel stable enough to blink again.
The two-headed ogre hits you with a +0 giant spiked club!!
* * * LOW HITPOINT WARNING * * *
The two-headed ogre hits you with a +0 giant spiked club!!
Ouch! That really hurt!
You die...
Your body crumbles into a pile of gold.

............#####........#
#.....
...).................^...#
#..###
.....######.......######.#
#..# .....# #..(....# #.#
#..# .....# #.......# #.#
#..# .....# #.......# #.#
#..### ###..# #....$..#
#.# #....# #..# #....O..#
#.# #....# ###..#
##'##.@.######.# #....#
.....#######..######.....#
#....#
..........#....##..##....#
#....#
.......####....'....#....#
#....# ###...##
##..##....#....# #....#
#.### +#####..####..#
#....# ###.# ##+# ##.#
#....# ....# #.# #....#
....# #.###..).#


You could see a two-headed ogre.

Vanquished Creatures
  Harold (D:8)
  A centaur warrior (D:9)
  A death knight (D:11)
  A phantasmal warrior (D:11)
  Maurice (D:8)
  An unseen horror (D:10)
  Psyche (D:8)
  3 freezing wraiths (D:11)
  A kobold demonologist (D:9)
  A troll (D:11)
  Grinder (D:6)
  A hornet (D:7)
  Prince Ribbit (D:8)
  2 wraiths
  2 shadows
  8 yaks
  A wyvern (D:11)
  Grum (D:8)
  5 steam dragons
  2 vampire mosquitoes (D:11)
  2 acid dragons
  3 water moccasins
  2 ice beasts
  2 sky beasts (D:6)
  7 orc warriors
  4 black bears
  5 ogres
  4 wolves (D:8)
  2 centaurs
  A phantom (D:5)
  A kobold brigand (D:9)
  2 bullfrogs (D:7)
  2 gnoll sergeants
  A scorpion (D:3)
  3 wights (D:9)
  6 killer bees (D:9)
  2 howler monkeys (D:7)
  5 centaur zombies
  3 orc priests
  4 hounds
  A centaur skeleton (D:7)
  2 iguanas
  8 orc wizards
  A hound skeleton (D:4)
  A howler monkey skeleton (D:6)
  4 adders
  11 gnolls
  4 white imps
  An ufetubus (D:6)
  7 worms
  6 dart slugs
  56 orcs
  3 bats
  5 endoplasms
  5 giant cockroaches
  9 goblins
  4 hobgoblins
  15 jackals
  7 kobolds
  2 quokkas
  6 ball pythons
  10 frilled lizards
  5 rats
270 creatures vanquished.

Vanquished Creatures (others)
  An orc (D:7)
  7 fungi (D:9)
  13 plants (D:8)
21 creatures vanquished.

Grand Total: 291 creatures vanquished

Notes
Turn   | Place    | Note
-------+----------+-------------------------------------------
     0 | D:1      | H0rd4k the Deep Elf Hedge Wizard began the quest for the
                  | Orb.
     0 | D:1      | Reached XP level 1. HP: 10/10 MP: 7/7
   306 | D:1      | Reached XP level 2. HP: 15/15 MP: 5/9
   608 | D:1      | Found a faded altar of an unknown god.
   644 | D:1      | Reached skill level 5 in Spellcasting
  1636 | D:2      | Reached XP level 3. HP: 19/19 MP: 9/11
  1639 | D:2      | Learned a level 2 spell: Blink
  1642 | D:2      | Learned a level 2 spell: Scorch
  1646 | D:2      | Learned a level 3 spell: Conjure Flame
  1650 | D:2      | Learned a level 3 spell: Mephitic Cloud
  1871 | D:2      | Reached skill level 1 in Fire Magic
  2247 | D:2      | Identified the +0 robe of the Harp {Fly}
  2439 | D:2      | Reached XP level 4. HP: 24/24 MP: 7/13
  2520 | D:2      | Found Owisue's Book Shoppe.
  3281 | D:3      | Noticed an ice beast
  3318 | D:3      | Noticed a scorpion
  3327 | D:3      | Killed a scorpion
  3328 | D:3      | Reached skill level 1 in Air Magic
  3328 | D:3      | Reached XP level 5. HP: 28/28 MP: 3/15
  3483 | D:3      | Reached skill level 1 in Poison Magic
  3783 | D:3      | Killed an ice beast
  3784 | D:3      | Reached skill level 6 in Spellcasting
  4180 | D:3      | Reached XP level 6. HP: 32/32 MP: 11/17
  5507 | D:5      | Entered Level 5 of the Dungeon
  5616 | D:5      | Reached skill level 7 in Spellcasting
  5622 | D:5      | Noticed a water moccasin
  5629 | D:5      | Killed a water moccasin
  5630 | D:5      | Reached XP level 7. HP: 32/36 MP: 7/20
  5829 | D:5      | Found a shimmering blue altar of Sif Muna.
  5895 | D:5      | Reached skill level 8 in Spellcasting
  6249 | D:5      | Found a snail-covered altar of Cheibriados.
  6250 | D:5      | Found a white marble altar of Elyvilon.
  6276 | D:5      | Found a burning altar of Makhleb.
  6395 | D:5      | Reached skill level 9 in Spellcasting
  6395 | D:5      | Reached skill level 5 in Conjurations
  6395 | D:5      | Reached XP level 8. HP: 41/41 MP: 12/23
  7029 | D:6      | Reached skill level 5 in Fire Magic
  7088 | D:6      | Reached skill level 10 in Spellcasting
  7576 | D:6      | Noticed Grinder
  7585 | D:6      | Paralysed by Grinder for 3 turns
  7588 | D:6      | Killed Grinder
  7589 | D:6      | Reached skill level 11 in Spellcasting
  7807 | D:6      | Reached XP level 9. HP: 45/45 MP: 21/26
  8008 | D:6      | Found a glowing golden altar of the Shining One.
  8009 | D:6      | Found a sparkling altar of Nemelex Xobeh.
  8110 | D:6      | Found a staircase to the Ecumenical Temple.
  8115 | Temple   | Entered the Ecumenical Temple
  8730 | D:7      | Found a bloodstained altar of Trog.
  8948 | D:7      | Reached skill level 12 in Spellcasting
  9166 | D:7      | Found a shadowy altar of Dithmenos.
  9657 | D:7      | Found Suajum's Book Boutique.
  9944 | D:8      | Noticed Prince Ribbit
  9952 | D:8      | Killed Prince Ribbit
 10065 | D:8      | Found an opulent altar of Gozag.
 10077 | D:8      | Became a worshipper of Gozag Ym Sagoz the Greedy
 10088 | D:8      | Noticed Psyche
 10093 | D:8      | Found Agaipuun's Lightly-Used Armoury.
 10101 | D:8      | Killed Psyche
 10103 | D:8      | Reached skill level 13 in Spellcasting
 10153 | D:8      | Reached XP level 10. HP: 32/51 MP: 15/29
 10405 | D:8      | Found a hazy altar of Hepliaklqana.
 10429 | D:8      | Noticed Grum
 10442 | D:8      | Killed Grum
 10555 | D:8      | Found a staircase to the Lair.
 10670 | D:8      | Noticed Maurice
 10679 | D:8      | Killed Maurice
 10967 | D:8      | Noticed Harold
 10980 | D:8      | Killed Harold
 10981 | D:8      | Reached skill level 14 in Spellcasting
 11650 | D:9      | Noticed a centaur warrior
 11659 | D:9      | Killed a centaur warrior
 12167 | D:9      | Found a shimmering altar of Xom.
 12175 | D:9      | Found a blossoming altar of Fedhas.
 12339 | D:9      | Reached skill level 15 in Spellcasting
 12739 | D:9      | Reached XP level 11. HP: 55/55 MP: 24/32
 13017 | D:9      | Found a broken altar of Ashenzari.
 13061 | D:9      | Reached skill level 1 in Fighting
 13696 | D:9      | Learned a level 4 spell: Flame Wave
 13743 | D:10     | Entered Level 10 of the Dungeon
 14156 | D:10     | Found Haut's General Store.
 14165 | D:10     | Bought a +1 hat of stealth for 192 gold pieces
 14319 | D:10     | Found a runed translucent gate.
 14319 | D:10     | Found a runed translucent gate.
 14319 | D:10     | Found a runed translucent gate.
 14319 | D:10     | Noticed kthxbai's ghost (novice DsNe)
 14726 | D:4      | Identified the +3 leather armour "Viduach" {Str+6}
 15229 | D:11     | Reached skill level 10 in Fire Magic
 15339 | D:11     | Reached skill level 16 in Spellcasting
 15666 | D:11     | Noticed a death knight
 15670 | D:11     | Noticed a phantasmal warrior
 15694 | D:11     | Killed a phantasmal warrior
 15697 | D:11     | Killed a death knight
 15945 | D:11     | Found a staircase to the Orcish Mines.
 16358 | D:11     | Noticed a two-headed ogre
 16408 | D:11     | Annihilated by a two-headed ogre

Illustrated notes

Levels and vault maps discovered:
D:1:      denvon_arrival_hothouse, layout_loops_corners,
          chequers_ecumenical_altar_twisty
D:2:      layout_loops_ring, serial_shops, shop_fountains
D:3:      layout_basic, minmay_misc_feat_diagonals, nicolae_wormholes
D:4:      layout_loops_ring, columned_hall_lemuel
D:5:      layout_basic, mainiacjoe_overflow_alcove_1,
          nicolae_sif_muna_condensation, mainiacjoe_overflow_divided_tiny
D:6:      layout_basic, mainiacjoe_overflow_catwalk_spiral,
          minmay_temple_entry_nine_rooms, roderic_lattice_a, uniq_grinder
D:7:      layout_loops_ring, mainiacjoe_overflow_catwalk, old_standard_altar,
          serial_shops, kennysheep_mini_moat
D:8:      layout_basic, mainiacjoe_overflow_concentric_impassable,
          nicolae_hepliaklqana_hazy_memory, lair_entry_dummy,
          minmay_shop_damaged, grunt_decor_fettered, nicolae_underground_beach,
          uniq_harold, uniq_grum, uniq_maurice, uniq_psyche, uniq_prince_ribbit1
D:9:      kennysheep_steamy, layout_basic, minitemple,
          mainiacjoe_overflow_alcove_2, special_room [special_room_orc]
D:10:     layout_cave_pools, ebering_ghost_rock_garden, serial_shops,
          nicolae_lakefront_shop
D:11:     minmay_bubble_buster, layout_small_grid, erik_orc_3
Temple:   corrupted_temple

Skill      XL: |  1  2  3  4  5  6  7  8  9 10 11 |
---------------+----------------------------------+-----
Spellcasting   | 5 6 7 9 11 13 15 16 | 16.8
Fire Magic     | 1 2 3 4 6 7 9 10 | 10.7
Dodging        | 3 4 |  4.2
Conjurations   | 2 3 4 5 6 7 8 |  8.9
Air Magic      | 1 2 |  2.7
Poison Magic   | 1 2 3 |  3.8
Fighting       | 1 |  1.2
Stealth        | |  2.4
Summonings     | |  1.1
Translocations | |  1.1

Action                   |  1- 3 |  4- 6 |  7- 9 | 10-12 || total
-------------------------+-------+-------+-------+-------++-------
Melee: Dagger            |    12 |       |       |       ||    12
 Cast: Magic Dart        |   103 |   131 |   211 |   127 ||   572
       Scorch            |       |    25 |    58 |   148 ||   231
       Conjure Flame     |       |     2 |    19 |    34 ||    55
       Mephitic Cloud    |       |       |     8 |    24 ||    32
       Blink             |       |       |     1 |     7 ||     8
Evoke: Wand              |       |       |       |     3 ||     3
  Use: Scroll            |       |       |    10 |     7 ||    17
       Potion            |       |       |     1 |       ||     1
Armor: Robe              |     4 |     5 |     9 |    16 ||    34
       Leather armour    |       |       |       |     2 ||     2
Dodge: Dodged            |    21 |    17 |    35 |    61 ||   134
